 Dungeon Crawl Stone Soup version 0.30-a0-1016-gfb0d676c02 (webtiles) character file.

Game seed: 13494345706771517705

14980 ThatPearl the Grappler (level 11, -3/100 HPs)
             Began as a Troll Brigand on Apr 6, 2023.
             Was a Priest of Nemelex Xobeh.
             Slain by a yak (6 damage)
             ... while paralysed by a hornet
             ... on level 11 of the Dungeon on Apr 7, 2023.
             The game lasted 00:28:01 (8410 turns).

ThatPearl the Grappler (Troll Brigand)              Turns: 8410, Time: 00:28:03

Health: -3/100     AC: 11    Str: 21    XL:     11   Next: 95%
Magic:  15/15      EV:  1    Int:  7    God:    Nemelex Xobeh [***...]
Gold:   344        SH:  0    Dex: 21    Spells: 10/10 levels left

rFire   . . .      SeeInvis .      - Unarmed
rCold   + . .      Faith    .    (no shield)
rNeg    . . .      Spirit   .    O - +1 robe {rC+}
rPois   .          Reflect  +    V - +1 hat
rElec   .          Rampage  .    c - +0 cloak
rCorr   .                        (gloves unavailable)
Will    .....                    (boots unavailable)
Stlth   ++                       s - amulet of reflection
HPRegen 1.16/turn                j - +4 ring of protection
MPRegen 0.14/turn                T - +6 ring of dexterity

@: paralysed, lethally poisoned (-3 -> -11), slowed
A: large, unfitting armour, claws 3, regeneration 1, shaggy fur 1, tough skin 1
a: Renounce Religion, Draw Escape, Draw Destruction, Draw Summoning, Triple Draw


You were on level 11 of the Dungeon.
You worshipped Nemelex Xobeh.
Nemelex Xobeh was most pleased with you.
You visited 2 branches of the dungeon, and saw 12 of its levels.

You collected 596 gold pieces.
You spent 252 gold pieces at shops.

Inventory:

Missiles
 d - 69 poisoned darts (quivered)
 e - 3 curare-tipped darts
 h - 2 javelins
 n - 88 stones
 Q - 2 boomerangs
 U - 4 silver boomerangs
Armour
 c - a +0 cloak (worn)
 O - a +1 robe of cold resistance (worn)
 P - a +0 robe of willpower
 V - a +1 hat (worn)
Jewellery
 j - a +4 ring of protection (left claw)
 l - a ring of protection from fire
 m - an amulet of the acrobat
 r - a ring of protection from cold
 s - an amulet of reflection (around neck)
 w - a ring of flight
 T - a +6 ring of dexterity (right claw)
 W - a +6 ring of strength
Wands
 C - a wand of acid (10)
 E - a wand of iceblast (9)
 I - a wand of flame (22)
 J - a wand of charming (10)
 M - a wand of digging (3)
 R - a wand of mindburst (7)
Scrolls
 b - 2 scrolls of identify
 f - a scroll of amnesia {unknown}
 g - 2 scrolls of fog
 k - 5 scrolls of teleportation {unknown}
 o - a scroll of blinking
 t - a scroll of enchant armour {unknown}
 u - a scroll of enchant weapon
 v - 3 scrolls of immolation
 y - 2 scrolls of magic mapping {unknown}
 z - a scroll of brand weapon {unknown}
 A - 2 scrolls of vulnerability
 B - 3 scrolls of summoning
 F - 5 scrolls of noise
 G - a scroll of poison
Potions
 a - 5 potions of curing
 i - 2 potions of berserk rage {unknown}
 p - 2 potions of brilliance
 q - 3 potions of flight
 x - 3 potions of heal wounds
 D - 3 potions of mutation {unknown}
 H - 2 potions of lignification {unknown}
 K - a potion of haste
 L - 2 potions of ambrosia {unknown}
 N - a potion of magic
 S - a potion of might {unknown}


   Skills:
 + Level 4.0 Fighting
 - Level 1.5 Short Blades
 - Level 7.4 Throwing
 + Level 7.6 Dodging
 - Level 2.1 Stealth
 + Level 12.4 Unarmed Combat
 + Level 7.4 Invocations


You had 10 spell levels left.
You didn't know any spells.
Your spell library contained the following spells:

 Spells                   Type           Power      Damage    Failure   Level
 Foxfire                  Conj/Fire      0%         2x1d4     43%         1
 Freeze                   Ice            0%         1d3       43%         1
 Magic Dart               Conj           0%         1d3       43%         1
 Call Imp                 Summ           0%         N/A       56%         2
 Ensorcelled Hibernation  Hex/Ice        0%         N/A       56%         2
 Passwall                 Tmut/Erth      0%         N/A       56%         2
 Searing Ray              Conj           0%         2d4       56%         2
 Frozen Ramparts          Ice            0%         1d1       80%         3
 Hailstorm                Conj/Ice       0%         3d3       80%         3
 Mephitic Cloud           Conj/Pois/Air  0%         N/A       80%         3
 Swiftness                Air            0%         N/A       80%         3
 Fulminant Prism          Conj/Hex       0%         3d5       99%         4
 Fireball                 Conj/Fire      0%         3d3       100%        5
 Plasma Beam              Fire/Air       0%         2x1d11    100%        6
 Starburst                Conj/Fire      0%         6d3       100%        6


Dungeon Overview and Level Annotations

Branches:
Dungeon (11/15)            Temple (1/1) D:4             Orc (0/2) D:10
   Lair: D:8-11

Altars:
Ashenzari
Cheibriados
Dithmenos
Elyvilon
Fedhas
Gozag
Hepliaklqana
Kikubaaqudgha
Makhleb
Nemelex Xobeh
Okawaru
Qazlal
Ru
Sif Muna
Trog
Uskayaw
Vehumet
Wu Jian
Xom
Yredelemnul
Zin
The Shining One

Shops:
D:3 (   D:5 :   D:6 !   D:7 [

Portals:
Abyss: D:9

Annotations:
D:9 2 transporters, Gardakan's ghost, novice DEFE


Innate Abilities, Weirdness & Mutations

You are too large for most types of armour.
You have claws for hands.
Your natural rate of healing is unusually fast.
You are covered in fur. (AC +1)
You have tough skin. (AC +1)


Message History

Your Fighting skill increases to level 4!
You claw the yak!
The yak is heavily wounded.
You mangle the yak!!
The yak is almost dead.
The yak gores you but does no damage.
The hornet stings you but does no damage.
You scratch the hornet.
The hornet is lightly wounded.
The hornet stings you but does no damage.
The yak barely misses you.
You closely miss the hornet. Your claw misses the hornet.
The hornet is lightly wounded.
The hornet stings you!
You are poisoned.
You feel yourself slow down. You block the yak's attack.
You claw the hornet! Your claw misses the hornet.
The hornet is heavily wounded.
You feel very sick. The hornet barely misses you. The hornet misses you.
The yak barely misses you.
You claw the hornet!
The hornet is almost dead.
You feel sick. The hornet stings you!
You suddenly lose the ability to move!
The yak gores you. The hornet stings you!
You are more poisoned.
You shrug off the repeated paralysis!
You feel yourself speed up.
You feel very sick. The hornet stings you!
* * * LOW HITPOINT WARNING * * *
You are more poisoned.
You feel yourself slow down. The yak gores you.
* * * LOW HITPOINT WARNING * * *
You feel very sick. The hornet stings you!
* * * LOW HITPOINT WARNING * * *
You feel as though you will be slow longer.
The yak gores you.
You die...
Your body disappears without a glow.

##### ######## ....
........ #..# #... #..#
#... ######..# #...
........#############...
...)..†.................
.......@.....)..........
.......Yy.....##########
..............#
..............#
..............# #####
..............##########
.....
........................
.....
..###########.##########
..... #######.# #


You could see a yak and a hornet.

Vanquished Creatures
  Gastronok (D:10)
  Erolcha (D:11)
  3 two-headed ogres
  A boulder beetle (D:10)
  Nergalle (D:10)
  The ghost of Pimp the Stinger, a novice BaVM (D:5)
  Maurice (D:8)
  A komodo dragon (D:11)
  2 trolls
  A hornet (D:9)
  2 wyverns (D:9)
  22 yaks
  Eustachio (D:4)
  3 steam dragons
  An acid dragon (D:10)
  2 vampire mosquitoes (D:10)
  2 water moccasins
  6 orc warriors
  An ice beast (D:5)
  A sky beast (D:6)
  A hornet zombie (D:3)
  A black bear (D:6)
  The ghost of halvedace the Conjurer, an amateur DrCj (D:3)
  3 centaurs
  3 kobold brigands
  2 scorpions
  3 bullfrogs
  9 wights
  7 killer bees
  4 howler monkeys
  A bullfrog zombie (D:5)
  4 hounds
  A jelly (D:5)
  A bullfrog skeleton (D:3)
  6 orc priests
  A centaur skeleton (D:3)
  Ijyb (D:4)
  2 iguanas
  5 orc wizards
  A scorpion zombie (D:5)
  5 adders
  An ufetubus (D:5)
  3 worms (D:2)
  A dart slug (D:1)
  31 orcs
  7 ball pythons
  6 endoplasms
  3 giant cockroaches
  9 goblins
  7 hobgoblins
  2 jackals (D:2)
  25 kobolds
  3 quokkas
  5 frilled lizards
  7 rats
226 creatures vanquished.

Vanquished Creatures (collateral kills)
  Amaemon (D:8)
  An orange demon (D:8)
  An orc (D:8)
3 creatures vanquished.

Vanquished Creatures (others)
  4 orcs (D:7)
4 creatures vanquished.

Grand Total: 233 creatures vanquished

Notes
Turn   | Place    | Note
-------+----------+-------------------------------------------
     0 | D:1      | ThatPearl the Troll Brigand began the quest for the Orb.
     0 | D:1      | Reached XP level 1. HP: 19/19 MP: 0/0
    69 | D:1      | Reached skill level 1 in Dodging
    97 | D:1      | Reached skill level 1 in Unarmed Combat
   170 | D:1      | Reached XP level 2. HP: 27/27 MP: 1/1
   991 | D:2      | Reached XP level 3. HP: 32/33 MP: 2/2
  1064 | D:2      | Reached skill level 2 in Unarmed Combat
  1656 | D:3      | Found a runed translucent gate.
  1657 | D:3      | Found a runed translucent gate.
  1657 | D:3      | Found a runed translucent gate.
  1665 | D:3      | Noticed halvedace's ghost (amateur DrCj)
  1680 | D:3      | Reached XP level 4. HP: 41/41 MP: 3/3
  1773 | D:3      | Found Jempim's Antique Weapon Shop.
  2120 | D:3      | Found an iron altar of Okawaru.
  2122 | D:3      | Found a hazy altar of Hepliaklqana.
  2122 | D:3      | Found a blossoming altar of Fedhas.
  2125 | D:3      | Found a radiant altar of Vehumet.
  2125 | D:3      | Found a shimmering altar of Xom.
  2125 | D:3      | Found a sparkling altar of Nemelex Xobeh.
  2358 | D:3      | Killed halvedace's ghost
  2359 | D:3      | Reached skill level 3 in Unarmed Combat
  2359 | D:3      | Reached XP level 5. HP: 39/48 MP: 4/4
  2376 | D:3      | Reached skill level 4 in Unarmed Combat
  2376 | D:3      | Reached XP level 6. HP: 27/55 MP: 5/5
  2448 | D:4      | Noticed Ijyb
  2466 | D:4      | Killed Ijyb
  2649 | D:4      | Noticed Eustachio
  2682 | D:4      | Killed Eustachio
  2683 | D:4      | Reached skill level 5 in Unarmed Combat
  2683 | D:4      | Reached XP level 7. HP: 59/62 MP: 6/6
  2720 | D:4      | Found a staircase to the Ecumenical Temple.
  2729 | Temple   | Entered the Ecumenical Temple
  2872 | Temple   | Became a worshipper of Nemelex Xobeh the Trickster
  3462 | D:5      | Entered Level 5 of the Dungeon
  3526 | D:5      | Reached skill level 1 in Invocations
  3607 | D:5      | Reached * piety under Nemelex Xobeh
  3613 | D:5      | Found Uskuewez's Tremendous Tomes.
  3704 | D:5      | Found a runed translucent gate.
  3704 | D:5      | Found a runed translucent gate.
  3704 | D:5      | Found a runed translucent gate.
  3704 | D:5      | Noticed Pimp's ghost (novice BaVM)
  3706 | D:5      | Found a basalt altar of Yredelemnul.
  3713 | D:5      | Reached skill level 6 in Unarmed Combat
  3741 | D:5      | Killed Pimp's ghost
  3742 | D:5      | Reached XP level 8. HP: 37/70 MP: 8/8
  3795 | D:5      | Found a white marble altar of Elyvilon.
  3797 | D:5      | Received a gift from Nemelex Xobeh
  3985 | D:5      | Reached skill level 7 in Unarmed Combat
  4339 | D:6      | Found Fuoffue's Distillery.
  4359 | D:6      | Bought a potion of invisibility for 96 gold pieces
  4359 | D:6      | Bought a potion of haste for 120 gold pieces
  4359 | D:6      | Bought a potion of curing for 36 gold pieces
  4368 | D:6      | Received a gift from Nemelex Xobeh
  4374 | D:6      | Found a radiant altar of Vehumet.
  4374 | D:6      | Found an ornate altar of the Wu Jian Council.
  4388 | D:6      | Reached skill level 5 in Throwing
  4443 | D:6      | Reached ** piety under Nemelex Xobeh
  4635 | D:6      | Reached XP level 9. HP: 76/76 MP: 10/10
  5289 | D:7      | Reached skill level 8 in Unarmed Combat
  5360 | D:7      | Received a gift from Nemelex Xobeh
  5460 | D:7      | Found Zinkyu's Armour Emporium.
  5616 | D:7      | Found a transporter.
  5620 | D:7      | Found a transporter.
  5620 | D:7      | Noticed a troll
  5625 | D:7      | Noticed a two-headed ogre
  5631 | D:7      | Killed a two-headed ogre
  5632 | D:7      | Reached skill level 5 in Dodging
  5663 | D:7      | Killed a troll
  5664 | D:7      | Reached skill level 9 in Unarmed Combat
  5905 | D:8      | Noticed Maurice
  6039 | D:8      | Noticed Amaemon
  6045 | D:8      | Reached XP level 10. HP: 85/85 MP: 12/12
  6045 | D:8      | Noticed an orange demon
  6072 | D:8      | Reached skill level 5 in Invocations
  6092 | D:8      | Killed Amaemon
  6093 | D:8      | Reached skill level 10 in Unarmed Combat
  6095 | D:8      | Killed an orange demon
  6257 | D:8      | Killed Maurice
  6624 | D:9      | Found a transporter.
  6635 | D:9      | Found a one-way gate to the infinite horrors of the Abyss.
  6635 | D:9      | Noticed Gardakan's ghost (novice DEFE)
  6642 | D:9      | Found a transporter.
  6814 | D:9      | Found a burning altar of Makhleb.
  6862 | D:9      | Noticed a thrashing horror
  6869 | D:9      | Reached *** piety under Nemelex Xobeh
  6914 | D:9      | Noticed a rakshasa
  7053 | D:9      | Reached skill level 11 in Unarmed Combat
  7106 | D:10     | Entered Level 10 of the Dungeon
  7106 | D:10     | Noticed Nergalle
  7117 | D:10     | Killed Nergalle
  7118 | D:10     | Reached XP level 11. HP: 92/92 MP: 14/14
  7130 | D:10     | Found a hazy altar of Hepliaklqana.
  7208 | D:10     | Noticed a two-headed ogre
  7208 | D:10     | Noticed Gastronok
  7228 | D:10     | Killed a two-headed ogre
  7326 | D:10     | Noticed a boulder beetle
  7358 | D:10     | Killed a boulder beetle
  7453 | D:10     | Killed Gastronok
  7583 | D:10     | Found a staircase to the Orcish Mines.
  7622 | D:10     | Received a gift from Nemelex Xobeh
  7759 | D:10     | Reached skill level 12 in Unarmed Combat
  7971 | D:11     | Noticed Erolcha
  8132 | D:11     | Received a gift from Nemelex Xobeh
  8168 | D:11     | Noticed a two-headed ogre
  8178 | D:11     | Killed a two-headed ogre
  8331 | D:11     | Killed Erolcha
  8408 | D:11     | Paralysed by a hornet for 3 turns
  8410 | D:11     | HP: 3/100 [hornet (13)]
  8410 | D:11     | Slain by a yak

Illustrated notes

Levels and vault maps discovered:
D:1:      shiori_arrival_oz, layout_basic, chequers_big_river,
          nrook_mini_backslash
D:2:      layout_rooms, serial_curves, eino_curves_01, eino_curves_01,
          st_stairs_13
D:3:      layout_basic, doesnt_xom_only_xom, gammafunk_ghost_necromancy,
          serial_shops, shop, moated_statue, minmay_stone_trees_small
D:4:      layout_basic, minmay_temple_entry_slanted, uniq_ijyb, uniq_eustachio
D:5:      layout_cave_pools, nicolae_yredelemnul_ghost_church, elyvilon_altar_5,
          grunt_ministairs_5, minmay_misc_feat_room,
          nicolae_shop_i_like_big_books
D:6:      layout_cave_pods, amethyst_overflow_temple_binary, serial_shops,
          nicolae_shop_crystal
D:7:      gammafunk_beogh_shrine, layout_loops_ring, serial_shops, shop
D:8:      layout_basic, st_stairs_4, uniq_maurice, uniq_amaemon
D:9:      layout_rooms, lemuel_tele_altar, gammafunk_ghost_abyssal_escape
D:10:     layout_roguey, mainiacjoe_overflow_alcove_2, orc_0_dummy,
          nzn_sisyphean_effort, uniq_gastronok, uniq_nergalle
D:11:     layout_long_grid, hellmonk_lair_entry_icy, uniq_snorg, uniq_fannar,
          uniq_erolcha
Temple:   regret_index_temple_waves

Skill      XL: |  1  2  3  4  5  6  7  8  9 10 11 |
---------------+----------------------------------+-----
Dodging        | 1 2 3 4 5 6 7 |  7.6
Unarmed Combat | 1 2 3 4 5 6 7 9 11 12 | 12.4
Throwing       | 2 3 4 5 6 7 |  7.4
Invocations    | 2 3 4 6 7 |  7.4
Fighting       | 4 |  4.0
Short Blades   | |  1.5
Stealth        | |  2.1

Action                     |  1- 3 |  4- 6 |  7- 9 | 10-12 || total
---------------------------+-------+-------+-------+-------++-------
  Melee: Unarmed           |   106 |   124 |   260 |   380 ||   870
         Dagger            |     1 |       |       |       ||     1
         Punch             |     1 |     5 |     9 |    28 ||    43
  Throw: Dart              |       |       |    10 |     3 ||    13
 Invoke: Draw Destruction  |       |       |     2 |     4 ||     6
         Draw Summoning    |       |       |       |     2 ||     2
         Draw Escape       |       |       |       |     2 ||     2
         Triple Draw       |       |       |       |     1 ||     1
    Use: Scroll            |       |     1 |    12 |       ||    13
         Potion            |       |       |     1 |     2 ||     3
   Stab: Sleeping          |     6 |     2 |     3 |     2 ||    13
         Invisible         |       |       |    10 |       ||    10
         Distracted        |       |       |       |     1 ||     1
 Armour: Robe              |    28 |    37 |   105 |    95 ||   265
  Dodge: Dodged            |    35 |    44 |   120 |   196 ||   395
  Block: Other             |    11 |    30 |    64 |    69 ||   174
         Reflection        |       |     2 |     3 |       ||     5

Table legend: (Time is in decaauts)
 A = Elapsed time spent in this place.
 B = Non-inter-level travel time spent in this place.
 C = Inter-level travel time spent in this place.
 D = Time resting spent in this place.
 E = Time spent auto-exploring this place.
 F = Levels seen in this place.
 G = Mean time per level.
                   A        B        C        D        E       F      G
               +--------+--------+--------+--------+--------+-----+--------+
         Total |   8287 |   7893 |    394 |    185 |   5545 |  12 |  690.6 |
       Dungeon |   8123 |   7749 |    374 |    185 |   5447 |  11 |  738.5 |
        Temple |    163 |    143 |     20 |      0 |     98 |   1 |  163.0 |
               +--------+--------+--------+--------+--------+-----+--------+

Top non-repeatable levels by time:
     D:1: 953 daAuts
     D:3: 904 daAuts
     D:4: 901 daAuts
     D:6: 875 daAuts
    D:10: 872 daAuts
     D:7: 831 daAuts
     D:5: 706 daAuts
     D:9: 602 daAuts
     D:2: 563 daAuts
     D:8: 548 daAuts
    D:11: 364 daAuts
  Temple: 163 daAuts
